cohdb
Replays
Latest Replays
All Replays
Popular Replays
Top Player Replays
Match Explorer
How It Works
Community
CoH3 Stats
Reddit
Sign in to upload your games and track your stats! →
Sign in with Steam
Match 45276971
Unlisted
Match 45276971
Overview
Messages
Build Orders
End
Kradschützen Motorcycle Team
Panzergrenadier Squad
Panzergrenadier Squad
250 Light Carrier
Construct Light Support Kompanie
Fire Support Elements
Combat Half-tracks
Flakvierling Half-track
Panzerjäger Mechanized Group
Selects Italian Infantry
Selects Guastatori Squad
Guastatori Squad
2.5-tonne Medical Truck
Panzerjäger Mechanized Group
Construct Panzerarmee Kommand
Selects Defensive Operations
Selects Prepared Positions
Armored Reserves
Pak 38 Anti-tank Gun Team
Selects Registered Artillery
Be Frabjous
water
Boat Goes Binted
Cmdte. Canela
SirFecker
TriggerConroy
Beast from the East
오렌지플래닛
0
0
Comments
sign in to comment!
No comments posted yet!